 Dungeon Crawl Stone Soup version bcrawl-1.24 (webtiles) character file.

Game seed: 1061088538155875887

480 Freyura the Skirmisher (level 7, -1/44 HPs)
             Began as a Gargoyle Fighter on June 15, 2020.
             Slain by a bullfrog (8 damage)
             ... in a sewer.
             The game lasted 00:07:36 (2849 turns).

Freyura the Skirmisher (Gargoyle Fighter)           Turns: 2849, Time: 00:07:36

Health: -1/44      AC: 13    Str: 20    XL:     7   Next: 11%
Magic:  7/7        EV:  3    Int:  8    God:
Gold:   165        SH:  9    Dex: 11    Spells: 6/6 levels left

rFire    . . .     SeeInvis .   a - +0 flail
rCold    . . .     Gourm    .   c - +0 medium shield
rNeg     + . .     Faith    .   b - +0 scale mail
rPois    ∞         Spirit   .   m - +0 helmet
rElec    +         Reflect  .   (no cloak)
rCorr    .         Harm     .   (no gloves)
MR       .....                  (no boots)
Stlth    ..........             (no amulet)
HPRegen  0.14/turn              (no ring)
MPRegen  0.10/turn              (no ring)

@: constricted
A: negative energy resistance 1, electricity resistance, unbreathing,
petrification resistance, rot immunity, AC +4
a: no special abilities


You were in a sewer.
You were not hungry.

You visited 1 branch of the dungeon, and saw 3 of its levels.
You also visited: Sewer.

You collected 165 gold pieces.

Inventory:

Hand Weapons
 a - a +0 flail (weapon)
Armour
 b - a +0 scale mail (worn)
 c - a +0 medium shield (worn)
 m - a +0 helmet (worn)
Wands
 q - a wand of flame (14)
Scrolls
 f - 2 scrolls of identify {unknown}
 g - 2 scrolls of teleportation {unknown}
 n - a scroll of fear {unknown}
 o - a scroll of immolation {unknown}
 r - a scroll of magic mapping {unknown}
 s - 2 scrolls of blinking {unknown}
Potions
 h - 2 potions of curing
 i - a potion of resistance {unknown}
 j - 3 potions of flight {unknown}
 k - 2 potions of heal wounds {unknown}
 l - a potion of agility {unknown}
 p - 2 potions of magic {unknown}
Comestibles
 d - 3 chunks of flesh
 e - 5 rations {!d}


   Skills:
 + Level 4.6 Fighting
 * Level 4.6 Maces & Flails
 + Level 4.6 Armour
 + Level 2.0 Dodging
 + Level 4.5 Shields


You had 6 spell levels left.
You didn't know any spells.
Your spell library was empty.

Dungeon Overview and Level Annotations

Branches:
Dungeon (3/12)

Altars:
Cheibriados
Lugonu
Okawaru
Yredelemnul


Innate Abilities, Weirdness & Mutations

You are resistant to torment.
Your stone body is resilient. (AC +4)
You are immune to poison.
You resist negative energy. (rN+)
You are resistant to electric shocks. (rElec)
You can survive without breathing.
You are immune to petrification.
You are immune to rotting.


Message History

The bullfrog hits you but does no damage.
The ball python bites you but does no damage.
The ball python constricts you. You block the ball python's attack.
The bullfrog hits you! The adder bites you but does no damage.
You hit the bullfrog.
The bullfrog is moderately wounded.
The bullfrog barely misses you.
The bullfrog hits you but does no damage.
The ball python barely misses you. The ball python constricts you.
The adder bites you but does no damage. The ball python barely misses you.
The bullfrog hits you but does no damage.
The bullfrog hits you.
* * * LOW HITPOINT WARNING * * *
You block the ball python's attack.
* * * LOW HITPOINT WARNING * * *
The ball python constricts you. You block the adder's attack.
The ball python bites you.
* * * LOW HITPOINT WARNING * * *
The bullfrog hits you!
You die...

.....# #S..S
≈≈≈.## #...≈
## ≈≈≈≈≈#
#≈≈≈≈ ≈#
≈≈≈≈≈# #≈≈≈≈
≈# ≈≈≈≈≈#
#≈≈≈≈≈≈#
≈≈≈≈≈#
#≈≈≈≈≈≈#
≈≈≈≈≈#
#≈≈≈≈#≈#
≈≈≈≈≈#
#≈≈≈FFS#
≈≈≈≈≈#
#≈≈lS@≈#
≈...≈#
#≈≈≈S†≈#
....≈#
#≈≈≈≈≈≈#
...†##
#≈≈≈≈#≈#
≈≈≈÷≈#
#≈≈≈≈≈≈#
≈≈≈≈≈#
#≈≈≈≈≈≈#
≈≈≈≈≈#
#≈≈≈≈≈≈#
≈≈≈≈≈#
#≈≈≈≈≈≈#
≈≈≈≈≈#
#####≈≈≈≈≈≈#


You could see 2 bullfrogs, an adder, 2 ball pythons and a frilled lizard.

Vanquished Creatures
  Sigmund (D:2)
  A bullfrog (D:3)
  A gnoll shaman (D:2)
  4 adders
  A gnoll (D:3)
  6 river rats (Sewer)
  2 oozes (D:1)
  4 worms (D:2)
  A dart slug (D:1)
  5 leopard geckos
  7 giant cockroaches
  9 goblins
  7 hobgoblins
  8 jackals
  3 quokkas (D:2)
  13 ball pythons (Sewer)
  8 bats
  4 frilled lizards
  8 kobolds
  24 rats
117 creatures vanquished.

Notes
Turn   | Place    | Note
-------+----------+-------------------------------------------
     0 | D:1      | Freyura the Gargoyle Fighter began the quest for the Orb.
     0 | D:1      | Reached XP level 1. HP: 14/14 MP: 1/1
   231 | D:1      | Reached XP level 2. HP: 9/19 MP: 2/2
   411 | D:1      | Reached XP level 3. HP: 23/23 MP: 3/3
  1308 | D:2      | Reached XP level 4. HP: 27/29 MP: 4/4
  1430 | D:2      | Found a basalt altar of Yredelemnul.
  1438 | D:2      | Reached skill level 1 in Dodging
  1462 | D:2      | Found an iron altar of Okawaru.
  1469 | D:2      | Found a snail-covered altar of Cheibriados.
  1570 | D:2      | Noticed Sigmund
  1605 | D:2      | Killed Sigmund
  1605 | D:2      | Reached XP level 5. HP: 4/33 MP: 5/5
  1605 | D:2      | Reached XP level 6. HP: 4/38 MP: 6/6
  1803 | D:2      | Found a corrupted altar of Lugonu.
  2332 | D:3      | Found a glowing drain.
  2358 | Sewer    | Entered a sewer
  2518 | Sewer    | Reached XP level 7. HP: 9/44 MP: 7/7
  2849 | Sewer    | Slain by a bullfrog

Skill      XL: |  1  2  3  4  5  6  7 |
---------------+----------------------+-----
Maces & Flails | 4 |  4.6
Dodging        | 1 2 |  2.0
Fighting       | 4 |  4.6
Armour         | 4 |  4.6
Shields        | 4 |  4.5

Action                   |  1- 3 |  4- 6 |  7- 9 || total
-------------------------+-------+-------+-------++-------
Melee: Flail             |   186 |   257 |    83 ||   526
  Use: Potion            |       |     2 |     1 ||     3
  Eat: Chunk             |     1 |     5 |     2 ||     8
Armor: Scale mail        |   160 |   190 |   114 ||   464
Dodge: Dodged            |    46 |    83 |    41 ||   170
Block: Medium shield     |   137 |   179 |    70 ||   386
